AoeStats
← Grinch_XO

Arabia

508871295Analyzed
1v1 RM · 9d ago on Sep 24, 2026· 27m 22s· 2 players
Game mode
Random Map
Map size
Tiny (2 player)
Population
200
Speed
Normal
Resources
Standard
Victory
Conquest
Starting age
Dark Age
Ending age
Imperial Age
RankedLock teamsTeams togetherTeam positionsShared explorationLock speedFull tech treeHidden civsTurbo modeCheats
Victory
Defeat
🇰🇿 Jurchens · Kazakhstan
972
+17
🇫🇷 Franks · France
992
-17
Grinch_XO
6:41 Loom
9:26 Feudal Age
13:40 Double-Bit Axe
16:37 Bloodlines
19:17 Gold Mining
21:39 Castle Age
19:44 Horse Collar
21:13 Forging
23:31 Heavy Plow
25:55 Scale Barding Armor
Athgar
7:28 Loom
10:36 Feudal Age
15:09 Castle Age
22:19 Double-Bit Axe
Connection lost

Rejoining the realm…

Still unreachable

The connection could not be restored.

Session expired

The server has moved on; the page needs a fresh start.